 Dungeon Crawl Stone Soup version 0.21.1-1-g345015fe64 (webtiles) character file.

502 Gargoyl the Skirmisher (level 6, -4/56 HPs)
             Began as a Centaur Abyssal Knight on June 10, 2018.
             Was a Believer of Lugonu.
             Killed by nerve-wracking pain
             ... invoked by an orc priest
              (14 damage)
             ... on level 4 of the Dungeon.
             The game lasted 00:06:20 (2709 turns).

Gargoyl the Skirmisher (Centaur Abyssal Knight)     Turns: 2709, Time: 00:06:21

Health: -4/56      AC: 12    Str: 13    XL:     6   Next: 95%
Magic:  8/8        EV:  4    Int: 11    God:    Lugonu [**....]
Gold:   177        SH:  0    Dex: 10    Spells: 5/5 levels left

rFire    + . .     SeeInvis .   a - +1 hand axe
rCold    + . .     Gourm    .   (no shield)
rNeg     . . .     Faith    .   b - +0 chain mail
rPois    +         Spirit   .   (no helmet)
rElec    +         Reflect  .   (no cloak)
rCorr    +         Harm     .   l - +1 pair of gloves (curse)
MR       .....                  (no barding)
Stlth    ..........             (no amulet)
HPRegen  0.18/turn              (no ring)
MPRegen  0.11/turn              (no ring)

@: resistant, very quick
A: large, hooves 3, yellow scales 1, deformed body, speed 2, tough skin 3, weak
1
a: Depart the Abyss, Bend Space, Renounce Religion


You were on level 4 of the Dungeon.
You worshipped Lugonu.
Lugonu was pleased with you.
You were not hungry.

You visited 1 branch of the dungeon, and saw 4 of its levels.
You visited the Abyss 1 time.

You collected 177 gold pieces.

Inventory:

Hand Weapons
 a - a +1 hand axe (weapon)
Armour
 b - a +0 chain mail (worn)
 l - a cursed +1 pair of gloves (worn)
Wands
 d - a wand of disintegration (11)
 e - a wand of digging (12)
 q - a wand of flame (12)
Scrolls
 g - a scroll of identify
 k - a scroll of remove curse
Potions
 h - a potion of haste
 i - a potion of mutation
 n - a potion of invisibility
 o - a potion of degeneration {unknown}
Books
 m - a book of Minor Magic

   Spells                             Type                      Level
   a - Magic Dart                     Conjuration                  1
   b - Blink                          Translocation                2
   c - Call Imp                       Summoning                    2
   d - Slow                           Hexes                        2
   e - Conjure Flame                  Conjuration/Fire             3
   f - Mephitic Cloud                 Conjuration/Poison/Air       3
Comestibles
 c - 3 rations


   Skills:
 + Level 5.3 Fighting
 + Level 3.4 Axes
 * Level 2.6 Armour
 + Level 1.5 Dodging
 * Level 3.5 Invocations
 + Level 0.3 Evocations


You had 5 spell levels left.
You didn't know any spells.

Dungeon Overview and Level Annotations

Branches:
Dungeon (4/15)
 Temple: D:4-7

Altars:

Annotations:
D:3 coier's ghost, amateur GnWn


Innate Abilities, Weirdness & Mutations

You have hooves in place of feet.
Armour fits poorly on your strangely shaped body.
You cover ground very quickly.
You have extremely tough skin. (AC +3)
You are partially covered in yellow scales. (AC +2)
You are weak. (Str -2)


Message History

Lugonu accepts your kill. The orc hits you but does no damage.
The orc priest invokes the aid of Beogh against you.
Beogh smites you!
* * * LOW HITPOINT WARNING * * *
You hit the orc priest.
You kill the orc priest!
Lugonu accepts your kill.
You closely miss the orc. The orc hits you but does no damage.
Unknown command.
It was a potion of mutation.
You feel extremely strange.
You feel weaker.
Yellow scales grow over part of your body.
The orc hits you but does no damage.
It was a potion of resistance.
You feel protected. The orc hits you but does no damage.
The orc priest invokes the aid of Beogh against you.
Pain shoots through your body!
You die...

#.. #.# ... #.# #
###.### # #.....# #
#############.#.#.# ..
#... ..... ..#.#)##.#
#.#####..# #.#.@o...#
.....##..####.#.#.#####
#.##........#.#......o.
#.#####..##.#....o####o
#.#####..##.#†#####
#.........)....#
########...$...# ######
#.......# ..<..#
#...!..>#


You could see an orc priest and an orc.

Vanquished Creatures
  A fire elemental (Abyss:2)
  A howler monkey (D:4)
  3 orc priests
  2 orc wizards
  A bullfrog skeleton (D:4)
  Jessica (D:2)
  4 adders
  A worm (D:2)
  A dart slug (D:1)
  3 leopard geckos
  6 orcs
  4 bats
  6 giant cockroaches (D:2)
  8 goblins
  2 hobgoblins
  4 jackals (D:1)
  4 ball pythons
  5 frilled lizards
  6 kobolds
  A leopard gecko zombie (D:4)
  10 rats
74 creatures vanquished.

Notes
Turn   | Place    | Note
-------+----------+-------------------------------------------
     0 | Abyss:1  | Gargoyl the Centaur Abyssal Knight began the quest for the Orb.
     0 | Abyss:1  | Reached XP level 1. HP: 19/19 MP: 2/2
     3 | Abyss:1  | Found a corrupted altar of Lugonu.
    27 | Abyss:2  | Found a corrupted altar of Lugonu.
    38 | Abyss:2  | Found a corrupted altar of Lugonu.
    60 | Abyss:2  | Noticed a fire elemental
    65 | Abyss:2  | Killed a fire elemental
    65 | Abyss:2  | Reached skill level 4 in Fighting
    65 | Abyss:2  | Reached XP level 2. HP: 28/28 MP: 3/3
    65 | Abyss:2  | Reached XP level 3. HP: 35/35 MP: 4/4
    65 | Abyss:2  | Reached XP level 4. HP: 41/41 MP: 5/5
    65 | Abyss:2  | Reached XP level 5. HP: 47/47 MP: 6/6
    82 | Abyss:2  | Noticed an ancient zyme
   109 | Abyss:2  | Noticed a large abomination
   116 | Abyss:2  | Noticed a starcursed mass
   176 | Abyss:3  | Noticed an orange demon
   181 | D:1      | Escaped the Abyss
   284 | D:1      | Reached * piety under Lugonu
   543 | D:1      | Reached skill level 5 in Fighting
  1264 | D:2      | Reached ** piety under Lugonu
  1577 | D:2      | Reached skill level 1 in Dodging
  1669 | D:2      | Noticed Jessica
  1674 | D:2      | Killed Jessica
  1674 | D:2      | Reached XP level 6. HP: 51/56 MP: 8/8
  2451 | D:3      | Noticed coier's ghost (amateur GnWn)
  2708 | D:4      | Gained mutation: You are weak. (Str -2) [potion of mutation]
  2708 | D:4      | Gained mutation: You are partially covered in yellow scales. (AC +2) [potion of mutation]
  2709 | D:4      | Killed from afar by an orc priest

Skill      XL: |  1  2  3  4  5  6 |
---------------+-------------------+-----
Fighting       | 4 5 |  5.3
Axes           | 2 3 |  3.4
Armour         | 2 |  2.6
Dodging        | 1 |  1.5
Invocations    | 3 |  3.5
Evocations     | |  0.3

Action                   |  1- 3 |  4- 6 || total
-------------------------+-------+-------++-------
Melee: Hand axe          |       |   190 ||   190
       Kick              |       |    42 ||    42
Invok: Depart the Abyss  |       |     1 ||     1
Evoke: Wand              |     2 |     3 ||     5
  Use: Scroll            |     2 |    11 ||    13
       Potion            |       |     3 ||     3
  Eat: Chunk             |       |     4 ||     4
Armor: Leather armour    |       |    59 ||    59
       Chain mail        |       |    27 ||    27
       Ring mail         |       |     7 ||     7
Dodge: Dodged            |     1 |    98 ||    99
